[Event "50th Ciudad Sevilla 2024"]
[Site "Sevilla"]
[Date "2025.01.11"]
[Round "2.5"]
[White "Makhnev, Denis"]
[Black "Morales Araujo, Francisco Javier"]
[Result "1-0"]
[Annotator "RC"]
[ECO "A80"]
[WhiteElo "2532"]
[BlackElo "2036"]
[PlyCount "47"]
[EventDate "2025.01.10"]
[EventType "swiss"]
[EventCountry "ESP"]
[SourceTitle "playchess.com"]
[Source "ChessBase"]
[SourceQuality "1"]
[TimeControl "90+30"]

1. d4 f5 2. Nc3 Nf6 3. Bg5 d5 4. f3 e6 5. e4 Be7 6. exf5 exf5 7. Qd2 O-O 8. O-O-O c6 9. Bd3 b5 10. h3 Nh5 11. Bxe7 Qxe7 12. g4 Ng3 13. Rh2 f4 14. Nce2 Nxe2+ 15. Rxe2 Qd6 16. Rde1 Na6 17. a3 b4 18. Bxa6 bxa3 19. Qa5 axb2+ 20. Kb1 Bxa6 21. Re6 Qd7 22. Qxa6 Rae8 23. Qe2 Rb8 24. Re7 1-0

[Event "50th Ciudad Sevilla 2024"]
[Site "Sevilla"]
[Date "2025.01.11"]
[Round "2.6"]
[White "Delgado Serrano, Angel"]
[Black "Vignesh N R"]
[Result "0-1"]
[Annotator "RC"]
[ECO "A05"]
[WhiteElo "2035"]
[BlackElo "2523"]
[PlyCount "100"]
[EventDate "2025.01.10"]
[EventType "swiss"]
[EventCountry "ESP"]
[SourceTitle "playchess.com"]
[Source "ChessBase"]
[SourceQuality "1"]
[TimeControl "90+30"]

1. Nf3 Nf6 2. g3 d5 3. Bg2 c6 4. O-O Bf5 5. c4 e6 6. d3 dxc4 7. dxc4 Nbd7 8. Nc3 h6 9. b3 Be7 10. Bb2 O-O 11. Qd2 Qc7 12. Rad1 e5 13. Nh4 Bh7 14. Bh3 Rad8 15. Bf5 Rfe8 16. Qc2 Bxf5 17. Nxf5 Bf8 18. Ne4 Nxe4 19. Qxe4 g6 20. Ne3 Bg7 21. Qc2 h5 22. h3 Nc5 23. Rxd8 Qxd8 24. Rd1 Qc8 25. Kh2 Ne6 26. Ng2 Ng5 27. h4 Qh3+ 28. Kg1 Nh7 29. Ne3 Bf8 30. Qe4 Nf6 31. Qf3 Qe6 32. Nc2 Ng4 33. e3 e4 34. Qe2 c5 35. Rd5 b6 36. Qd2 Bg7 37. Bxg7 Kxg7 38. Kg2 Nf6 39. Rd6 Qf5 40. Ne1 g5 41. hxg5 Qxg5 42. Kf1 h4 43. Nc2 hxg3 44. fxg3 Rh8 45. Qg2 Qe5 46. Rd2 Ng4 47. Qg1 Qf6+ 48. Ke1 Ne5 49. Qg2 Nf3+ 50. Kd1 Qb2 0-1

[Event "50th Ciudad Sevilla 2024"]
[Site "Sevilla"]
[Date "2025.01.11"]
[Round "2.7"]
[White "Kvaloy, Aksel Bu"]
[Black "Iugina, Mariia"]
[Result "1-0"]
[Annotator "RC"]
[ECO "C02"]
[WhiteElo "2487"]
[BlackElo "2032"]
[PlyCount "85"]
[EventDate "2025.01.10"]
[EventType "swiss"]
[EventCountry "ESP"]
[SourceTitle "playchess.com"]
[Source "ChessBase"]
[SourceQuality "1"]
[TimeControl "90+30"]

1. e4 e6 2. d4 d5 3. e5 c5 4. c3 Nc6 5. Nf3 Qb6 6. a3 c4 7. Nbd2 Na5 8. Rb1 Bd7 9. h4 Ne7 10. h5 h6 11. b4 cxb3 12. Nxb3 Ba4 13. Nxa5 Bxd1 14. Rxb6 axb6 15. Nxb7 Ba4 16. Nd6+ Kd7 17. Nxf7 Rg8 18. Bd3 g5 19. hxg6 Nxg6 20. Nxh6 Rg7 21. Ng4 Kc6 22. Rh6 Nf4 23. Bxf4 Rxg4 24. Rxe6+ Kb7 25. Rf6 Re8 26. Rf7+ Ka8 27. Ba6 Bc6 28. g3 Bxa3 29. Rf6 Ba4 30. Rxb6 Ka7 31. Rf6 Bb2 32. Kd2 Bb3 33. Ng1 Rg7 34. Ne2 Ree7 35. Bd3 Kb7 36. Bh6 Rg8 37. Bf8 Re8 38. Bc5 Rb8 39. Rf7+ Kc6 40. Rf6+ Kb7 41. Bb5 Rg7 42. e6 Kc7 43. Rf7+ 1-0

[Event "50th Ciudad Sevilla 2024"]
[Site "Sevilla"]
[Date "2025.01.11"]
[Round "2.8"]
[White "Lopez Cueto, Julio"]
[Black "Mitusov, Semen"]
[Result "0-1"]
[Annotator "RC"]
[ECO "B94"]
[WhiteElo "2030"]
[BlackElo "2463"]
[PlyCount "76"]
[EventDate "2025.01.10"]
[EventType "swiss"]
[EventCountry "ESP"]
[SourceTitle "playchess.com"]
[Source "ChessBase"]
[SourceQuality "1"]
[TimeControl "90+30"]

1. e4 c5 2. Nf3 d6 3. d4 cxd4 4. Nxd4 Nf6 5. Nc3 a6 6. Bg5 Nbd7 7. f4 Qc7 8. Qd2 h6 9. Bh4 e6 10. O-O-O Be7 11. Nf3 b5 12. a3 Bb7 13. Bd3 Nc5 14. Rhe1 Rd8 15. Kb1 O-O 16. Qe2 d5 17. exd5 Nxd5 18. Nxd5 Rxd5 19. Bxe7 Qxe7 20. Ne5 Rfd8 21. Qg4 Nxd3 22. Rxd3 Rxd3 23. Nxd3 Qc7 24. g3 Rc8 25. Qd1 a5 26. Re5 Bd5 27. Qe2 Qc4 28. Nc1 Qc5 29. Re3 Qd4 30. Qd3 Qa4 31. f5 b4 32. fxe6 Bxe6 33. Qe2 Bf5 34. b3 Qc6 35. Nd3 bxa3 36. Re5 Bxd3 37. Qxd3 Qh1+ 38. Ka2 Qc1 0-1

[Event "50th Ciudad Sevilla 2024"]
[Site "Sevilla"]
[Date "2025.01.11"]
[Round "2.9"]
[White "Urazayev, Arystanbek"]
[Black "Silva, Mariana"]
[Result "1-0"]
[Annotator "RC"]
[ECO "B15"]
[WhiteElo "2448"]
[BlackElo "2027"]
[PlyCount "65"]
[EventDate "2025.01.10"]
[EventType "swiss"]
[EventCountry "ESP"]
[SourceTitle "playchess.com"]
[Source "ChessBase"]
[SourceQuality "1"]
[TimeControl "90+30"]

1. e4 c6 2. d4 d5 3. Nd2 dxe4 4. Nxe4 Nf6 5. Nxf6+ exf6 6. Be3 Bd6 7. Bd3 O-O 8. Ne2 Re8 9. O-O Nd7 10. c4 Nf8 11. Qd2 Bg4 12. Ng3 g6 13. Rae1 h5 14. Ne4 Bc7 15. Nc3 Rc8 16. f4 Bb8 17. Kh1 Qd7 18. Ne4 Nh7 19. Nc5 Qc7 20. h3 Bd7 21. Qb4 b6 22. Na6 Qd6 23. Qc3 f5 24. c5 Qf8 25. Nxb8 Rxb8 26. d5 cxd5 27. b4 a5 28. cxb6 axb4 29. Qc7 Qe7 30. Bc5 Qd8 31. Rxe8+ Qxe8 32. Bd6 Rc8 33. b7 1-0

[Event "50th Ciudad Sevilla 2024"]
[Site "Sevilla"]
[Date "2025.01.11"]
[Round "2.10"]
[White "Alquist, Erik"]
[Black "Ilinca, Felix-Antonio"]
[Result "0-1"]
[Annotator "RC"]
[ECO "B89"]
[WhiteElo "2026"]
[BlackElo "2440"]
[PlyCount "106"]
[EventDate "2025.01.10"]
[EventType "swiss"]
[EventCountry "ESP"]
[SourceTitle "playchess.com"]
[Source "ChessBase"]
[SourceQuality "1"]
[TimeControl "90+30"]

1. e4 c5 2. Nf3 d6 3. d4 cxd4 4. Nxd4 Nf6 5. Nc3 Nc6 6. Bc4 e6 7. Be3 Bd7 8. Qe2 a6 9. Bb3 Na5 10. O-O Nxb3 11. cxb3 Be7 12. f4 O-O 13. e5 dxe5 14. fxe5 Nd5 15. Nxd5 exd5 16. Rac1 Rc8 17. a3 Rxc1 18. Rxc1 Re8 19. Qf3 Be6 20. b4 Qd7 21. h3 h6 22. Qg3 Kh7 23. Qf2 Rf8 24. Rc3 Bd8 25. Nb3 f6 26. Nc5 Qe8 27. Qc2+ Kh8 28. Bd4 fxe5 29. Bxe5 Bf5 30. Qe2 Bf6 31. Re3 d4 32. Bxf6 Qxe3+ 33. Qxe3 dxe3 34. Bd4 e2 35. Bf2 b6 36. Nb3 Bd3 37. Nd2 b5 38. g3 g5 39. Kg2 h5 40. Kg1 g4 41. hxg4 hxg4 42. Kg2 Kg7 43. Bd4+ Kg6 44. Bf2 Kf5 45. Be1 Ke6 46. Bf2 Kd5 47. Kg1 Rf7 48. Kg2 Be4+ 49. Kg1 Rh7 50. Be1 Rh1+ 51. Kf2 Bf3 52. b3 Kd4 53. a4 Ke5 0-1

[Event "50th Ciudad Sevilla 2024"]
[Site "Sevilla"]
[Date "2025.01.11"]
[Round "2.11"]
[White "Druska, Juraj"]
[Black "Hermosin Bustos, Manuel"]
[Result "1-0"]
[Annotator "RC"]
[ECO "B33"]
[WhiteElo "2438"]
[BlackElo "2017"]
[PlyCount "93"]
[EventDate "2025.01.10"]
[EventType "swiss"]
[EventCountry "ESP"]
[SourceTitle "playchess.com"]
[Source "ChessBase"]
[SourceQuality "1"]
[TimeControl "90+30"]

1. e4 c5 2. Nf3 Nc6 3. d4 cxd4 4. Nxd4 Nf6 5. Nc3 e5 6. Ndb5 d6 7. Bg5 a6 8. Na3 b5 9. Nd5 Be7 10. Bxf6 Bxf6 11. c3 O-O 12. Nc2 Rb8 13. Be2 Bg5 14. O-O f5 15. exf5 Bxf5 16. Ncb4 Nxb4 17. Nxb4 Be4 18. Nxa6 Rb6 19. Nb4 Bf4 20. Nd5 Rb7 21. g3 Bg5 22. f3 Bf5 23. Bd3 Be6 24. Be4 Rbf7 25. Qd3 Bf5 26. Qxb5 h5 27. Qd3 h4 28. g4 Be6 29. h3 Qb8 30. Rf2 Kh8 31. a4 Bf4 32. a5 Bg3 33. Re2 Bd7 34. b4 Bb5 35. c4 Bc6 36. b5 Bxd5 37. Qxd5 Qd8 38. c5 Qg5 39. cxd6 Bf4 40. Rae1 Bg3 41. Rd1 Bf4 42. d7 Be3+ 43. Kh1 Bd4 44. Rxd4 Qf4 45. d8=Q Qg3 46. Qxe5 Qxh3+ 47. Kg1 1-0

[Event "50th Ciudad Sevilla 2024"]
[Site "Sevilla"]
[Date "2025.01.11"]
[Round "2.12"]
[White "Alvarez Poves, Jesus"]
[Black "Marin, Mihail"]
[Result "0-1"]
[Annotator "RC"]
[ECO "B89"]
[WhiteElo "2012"]
[BlackElo "2431"]
[PlyCount "52"]
[EventDate "2025.01.10"]
[EventType "swiss"]
[EventCountry "ESP"]
[SourceTitle "playchess.com"]
[Source "ChessBase"]
[SourceQuality "1"]
[TimeControl "90+30"]

1. e4 c5 2. Nf3 e6 3. d4 cxd4 4. Nxd4 Nc6 5. Nc3 d6 6. Be3 Nf6 7. Bc4 Bd7 8. Qe2 a6 9. a4 Be7 10. Nxc6 Bxc6 11. a5 Nd7 12. O-O O-O 13. Rfd1 Qc7 14. f4 Rac8 15. Bb3 Nc5 16. Bxc5 dxc5 17. e5 c4 18. Bxc4 b5 19. Bd3 f5 20. Kh1 g5 21. fxg5 Bxg5 22. Rf1 Kh8 23. Rf2 Rg8 24. Qh5 Rg6 25. Bf1 Be3 26. Re2 Rh6 0-1

[Event "50th Ciudad Sevilla 2024"]
[Site "Sevilla"]
[Date "2025.01.11"]
[Round "2.13"]
[White "Xu, Minghui"]
[Black "Bech, Havard Eriksen"]
[Result "1-0"]
[Annotator "RC"]
[ECO "C50"]
[WhiteElo "2428"]
[BlackElo "2010"]
[PlyCount "63"]
[EventDate "2025.01.10"]
[EventType "swiss"]
[EventCountry "ESP"]
[SourceTitle "playchess.com"]
[Source "ChessBase"]
[SourceQuality "1"]
[TimeControl "90+30"]

1. e4 e5 2. Nf3 Nc6 3. Bc4 Nf6 4. d3 Bc5 5. O-O d6 6. a4 a6 7. c3 Ba7 8. Bg5 h6 9. Bh4 g5 10. Bg3 O-O 11. Nbd2 Be6 12. b4 Ne7 13. b5 Qc8 14. Rb1 Ng6 15. Bxe6 fxe6 16. Nc4 Nd7 17. d4 exd4 18. cxd4 Nf4 19. h4 Qd8 20. hxg5 hxg5 21. a5 d5 22. exd5 exd5 23. Nce5 Nxe5 24. dxe5 Nh5 25. Bh2 axb5 26. Qd3 Kg7 27. Rxb5 Qe7 28. Rxd5 Rad8 29. e6 Rxd5 30. Qxd5 g4 31. Qxh5 gxf3 32. Be5+ 1-0

[Event "50th Ciudad Sevilla 2024"]
[Site "Sevilla"]
[Date "2025.01.11"]
[Round "2.16"]
[White "Ataide Molina, Jose Maria"]
[Black "Isanzhulov, Arystan"]
[Result "0-1"]
[Annotator "RC"]
[ECO "D01"]
[WhiteElo "2005"]
[BlackElo "2397"]
[PlyCount "76"]
[EventDate "2025.01.10"]
[EventType "swiss"]
[EventCountry "ESP"]
[SourceTitle "playchess.com"]
[Source "ChessBase"]
[SourceQuality "1"]
[TimeControl "90+30"]

1. d4 Nf6 2. Bf4 g6 3. Nc3 d5 4. e3 Nh5 5. Bg5 c6 6. Be2 h6 7. Bh4 Ng7 8. Bg3 Nd7 9. h3 Nf5 10. Bh2 Nh4 11. Nf3 Nxf3+ 12. Bxf3 Bg7 13. O-O O-O 14. Qd2 e5 15. dxe5 Nxe5 16. Be2 Nc4 17. Bxc4 dxc4 18. Rfd1 Qb6 19. Rab1 Be6 20. Na4 Qb5 21. Nc3 Qa5 22. a3 Rad8 23. Qe1 b5 24. Bd6 Rfe8 25. Bb4 Qc7 26. Ne2 Bf5 27. Rxd8 Qxd8 28. Rd1 Qg5 29. f4 Qf6 30. Nd4 Be4 31. Qf2 g5 32. g3 gxf4 33. gxf4 c5 34. Bxc5 Qg6+ 35. Kh2 Qh5 36. Rg1 Qxc5 37. Qg3 Bg6 38. f5 Be5 0-1

[Event "50th Ciudad Sevilla 2024"]
[Site "Sevilla"]
[Date "2025.01.11"]
[Round "2.17"]
[White "Matamoros Franco, Carlos S."]
[Black "Auvray, Honorine"]
[Result "1-0"]
[Annotator "RC"]
[ECO "A37"]
[WhiteElo "2394"]
[BlackElo "1998"]
[PlyCount "59"]
[EventDate "2025.01.10"]
[EventType "swiss"]
[EventCountry "ESP"]
[SourceTitle "playchess.com"]
[Source "ChessBase"]
[SourceQuality "1"]
[TimeControl "90+30"]

1. Nf3 c5 2. c4 g6 3. Nc3 Bg7 4. g3 Nc6 5. Bg2 e6 6. h4 h6 7. e3 Nge7 8. d4 cxd4 9. Nxd4 Nxd4 10. exd4 d5 11. cxd5 exd5 12. O-O O-O 13. Qb3 Nc6 14. Be3 Nxd4 15. Bxd4 Bxd4 16. Nxd5 Be6 17. Rad1 Bxd5 18. Bxd5 Qf6 19. Rd3 Bxb2 20. Rb1 Be5 21. Rf3 Qg7 22. Re1 Bf6 23. Qxb7 Rad8 24. Bb3 Bd4 25. Re7 Bf6 26. Rc7 Rd6 27. Qxa7 g5 28. Qc5 Ra6 29. Rxf7 Rxf7 30. Qc8+ 1-0

[Event "50th Ciudad Sevilla 2024"]
[Site "Sevilla"]
[Date "2025.01.11"]
[Round "2.18"]
[White "Philippe, Denis-Emmanuel"]
[Black "Lin, Yingrui"]
[Result "0-1"]
[Annotator "ChessBase"]
[ECO "A46"]
[WhiteElo "1999"]
[BlackElo "2393"]
[PlyCount "82"]
[EventDate "2025.01.10"]
[EventType "swiss"]
[EventCountry "ESP"]
[SourceTitle "playchess.com"]
[Source "ChessBase"]
[SourceQuality "1"]
[TimeControl "90+30"]

1. d4 Nf6 2. Nf3 e6 3. e3 b6 4. Bd3 Bb7 5. O-O Be7 6. c4 O-O 7. Nc3 d6 8. d5 exd5 9. cxd5 Nbd7 10. e4 Re8 11. h3 c5 12. Bf4 a6 13. a4 Nf8 14. Re1 Ng6 15. Bh2 Nd7 16. Qd2 Nde5 17. Nxe5 dxe5 18. Bc4 Bd6 19. Ra3 Ne7 20. Qg5 h6 21. Qh5 Nc8 22. Nd1 Qg5 23. Qe2 Bc7 24. Rg3 Qh4 25. Ne3 Nd6 26. Bd3 Bc8 27. Nc4 Nb7 28. Ne3 Na5 29. Qc2 Bd7 30. Rc1 Nb7 31. Qe2 Nd6 32. Nc4 Bxa4 33. Nxd6 Bxd6 34. Bxa6 Reb8 35. Bd3 Bd7 36. Re3 b5 37. Bg3 Qg5 38. Qc2 c4 39. Bf1 Bc5 40. Rf3 Bd4 41. b3 cxb3 0-1

[Event "50th Ciudad Sevilla 2024"]
[Site "Sevilla"]
[Date "2025.01.11"]
[Round "2.19"]
[White "Song, Yuxin"]
[Black "Herrera Mellado, Luis"]
[Result "1-0"]
[Annotator "RC"]
[ECO "B31"]
[WhiteElo "2384"]
[BlackElo "1994"]
[PlyCount "123"]
[EventDate "2025.01.10"]
[EventType "swiss"]
[EventCountry "ESP"]
[SourceTitle "playchess.com"]
[Source "ChessBase"]
[SourceQuality "1"]
[TimeControl "90+30"]

1. e4 c5 2. Nf3 Nc6 3. Bb5 g6 4. Bxc6 bxc6 5. d4 Bg7 6. dxc5 Qa5+ 7. Bd2 Qxc5 8. Bc3 Bxc3+ 9. Nxc3 Nf6 10. O-O d6 11. Re1 Bg4 12. h3 Bxf3 13. Qxf3 O-O 14. Rad1 Nd7 15. Qg3 Rfe8 16. Kh2 e5 17. Rd2 Rad8 18. Red1 Nb6 19. b3 Re6 20. a4 a5 21. Na2 Rde8 22. Nc1 d5 23. Nd3 Qc3 24. f3 d4 25. Rf2 Nd7 26. f4 exf4 27. Qxf4 Rf6 28. Qc7 Rxf2 29. Qxd7 Rxg2+ 30. Kxg2 Qxc2+ 31. Nf2 Rxe4 32. Qd8+ Kg7 33. Rxd4 Re2 34. Rf4 Qxb3 35. Qf6+ Kg8 36. Rd4 Re8 37. Qxc6 Qe3 38. Qf6 h5 39. Rd8 Qe1 40. Rd7 Qe6 41. Qxe6 Rxe6 42. Rd5 Ra6 43. Ne4 f5 44. Ng5 Kg7 45. h4 Kf6 46. Kg3 Ra7 47. Kf4 Kg7 48. Nf3 Ra6 49. Kg5 Kf7 50. Rd7+ Ke6 51. Rg7 Kd5 52. Rxg6 Ra8 53. Kxh5 Kc4 54. Rb6 Kd3 55. Kg5 Ke4 56. Nd2+ Kd3 57. Rd6+ Kc3 58. h5 Rf8 59. h6 f4 60. Nf3 Kb4 61. Rd4+ Kb3 62. h7 1-0

[Event "50th Ciudad Sevilla 2024"]
[Site "Sevilla"]
[Date "2025.01.11"]
[Round "2.20"]
[White "Lohia, Sohum"]
[Black "Perez Ruiz, Santiago"]
[Result "1-0"]
[Annotator "RC"]
[ECO "C12"]
[WhiteElo "2367"]
[BlackElo "1989"]
[PlyCount "51"]
[EventDate "2025.01.10"]
[EventType "swiss"]
[EventCountry "ESP"]
[SourceTitle "playchess.com"]
[Source "ChessBase"]
[SourceQuality "1"]
[TimeControl "90+30"]

1. e4 e6 2. d4 d5 3. Nc3 Nf6 4. Bg5 Bb4 5. e5 h6 6. Bd2 Nfd7 7. f4 c5 8. a3 Bxc3 9. bxc3 Nc6 10. Nf3 O-O 11. Bd3 c4 12. Be2 f6 13. O-O Nb6 14. Qe1 Na4 15. Qg3 Qa5 16. Kh1 Bd7 17. f5 Kh8 18. fxe6 Bxe6 19. Nh4 Rf7 20. Bh5 Nxd4 21. Bxf7 Bxf7 22. Bxh6 Rg8 23. cxd4 gxh6 24. Qf4 Kh7 25. Qxf6 Rg7 26. Nf5 1-0

[Event "50th Ciudad Sevilla 2024"]
[Site "Sevilla"]
[Date "2025.01.13"]
[Round "3.1"]
[White "Xu, Xiangyu"]
[Black "Anand, Batsukh"]
[Result "1-0"]
[Annotator "RC"]
[ECO "E01"]
[WhiteElo "2611"]
[BlackElo "2234"]
[PlyCount "123"]
[EventDate "2025.01.10"]
[EventType "swiss"]
[EventCountry "ESP"]
[SourceTitle "playchess.com"]
[Source "ChessBase"]
[SourceQuality "1"]
[TimeControl "90+30"]

1. d4 Nf6 2. c4 e6 3. g3 d5 4. Bg2 Bb4+ 5. Nd2 O-O 6. Ngf3 Nc6 7. Qc2 dxc4 8. Qxc4 Bd6 9. Qc2 Re8 10. O-O e5 11. dxe5 Nxe5 12. Nxe5 Bxe5 13. Nc4 c6 14. Nxe5 Rxe5 15. e4 Qe7 16. Bf4 Rh5 17. h4 Bg4 18. f3 Be6 19. Rfd1 Qc5+ 20. Qxc5 Rxc5 21. Bf1 Nd7 22. Rd2 Ne5 23. Kf2 f6 24. a4 b6 25. Be2 Kf7 26. Ke1 Re8 27. Be3 Nc4 28. Bxc5 Nxd2 29. Kxd2 bxc5 30. Rc1 Rb8 31. Rxc5 Rxb2+ 32. Ke3 Rb3+ 33. Kf4 Rb4 34. Ra5 Rb7 35. Ke3 Ke7 36. f4 Rb3+ 37. Kd4 Rb7 38. Kc5 Kd7 39. Ra6 Rc7 40. a5 h6 41. Bd1 Bh3 42. h5 f5 43. exf5 Bxf5 44. Bf3 Bd3 45. Bg4+ Kd8 46. Rxc6 Be4 47. Rxc7 Kxc7 48. Kd4 Bc2 49. Ke5 Bb3 50. f5 Kc6 51. f6 gxf6+ 52. Kxf6 Kb5 53. Kg6 Kxa5 54. Kxh6 Bc2 55. Kg5 Kb4 56. Bf5 Bb3 57. h6 Bg8 58. Kf6 a5 59. Kg7 a4 60. Kxg8 a3 61. Be6 a2 62. Bxa2 1-0

[Event "50th Ciudad Sevilla 2024"]
[Site "Sevilla"]
[Date "2025.01.13"]
[Round "3.2"]
[White "Evenshaug, Amadeus Hestvik"]
[Black "Iturrizaga Bonelli, Eduardo"]
[Result "0-1"]
[Annotator "ChessBase"]
[ECO "B35"]
[WhiteElo "2225"]
[BlackElo "2574"]
[PlyCount "56"]
[EventDate "2025.01.10"]
[EventType "swiss"]
[EventCountry "ESP"]
[SourceTitle "playchess.com"]
[Source "ChessBase"]
[SourceQuality "1"]
[TimeControl "90+30"]

1. e4 c5 2. Nf3 Nc6 3. d4 cxd4 4. Nxd4 g6 5. Nc3 Bg7 6. Be3 Nf6 7. Bc4 Qa5 8. f3 Qb4 9. Ndb5 O-O 10. Bb3 a6 11. a3 Qa5 12. Nd4 b5 13. Qd2 Bb7 14. O-O-O Qc7 15. g4 Ne5 16. h4 h5 17. gxh5 Nxh5 18. Rhg1 Rac8 19. f4 Nc4 20. Bxc4 Qxc4 21. f5 Nf6 22. fxg6 Nxe4 23. Nxe4 Bxe4 24. gxf7+ Rxf7 25. Bh6 Qa2 26. Qe3 Bxc2 27. Rxg7+ Rxg7 28. Nxc2 Rg2 0-1

[Event "50th Ciudad Sevilla 2024"]
[Site "Sevilla"]
[Date "2025.01.13"]
[Round "3.3"]
[White "Santamaria Fernandez, Guillermo"]
[Black "Agdestein, Simen"]
[Result "0-1"]
[Annotator "ChessBase"]
[ECO "B30"]
[WhiteElo "2207"]
[BlackElo "2564"]
[PlyCount "78"]
[EventDate "2025.01.10"]
[EventType "swiss"]
[EventCountry "ESP"]
[SourceTitle "playchess.com"]
[Source "ChessBase"]
[SourceQuality "1"]
[TimeControl "90+30"]

1. e4 c5 2. Nf3 Nc6 3. Bb5 Nf6 4. e5 Nd5 5. Nc3 Nxc3 6. dxc3 Qc7 7. Bf4 a6 8. Bc4 e6 9. a4 h6 10. h4 b6 11. Qd3 Bb7 12. Rd1 Na5 13. Nd2 Qc6 14. b3 Qxg2 15. Rh3 Rd8 16. Qg3 Qxg3 17. Rxg3 g6 18. Bd3 d5 19. c4 dxc4 20. bxc4 Rd4 21. Be3 Rxh4 22. Rb1 Kd7 23. Rxb6 Kc7 24. Rb1 Rh1+ 25. Ke2 Rxb1 26. Nxb1 Nc6 27. f4 Nd4+ 28. Bxd4 cxd4 29. Nd2 Bb4 30. Nf3 Rd8 31. Rh3 Bf8 32. Nh2 a5 33. Ng4 h5 34. Nf6 Bh6 35. Ne4 Bc6 36. Ng5 Bxg5 37. fxg5 Bxa4 38. Be4 Bc6 39. Kd3 a4 0-1

[Event "50th Ciudad Sevilla 2024"]
[Site "Sevilla"]
[Date "2025.01.13"]
[Round "3.4"]
[White "Li, Di"]
[Black "Sanhueza, Cristian"]
[Result "1-0"]
[Annotator "ChessBase"]
[ECO "E71"]
[WhiteElo "2544"]
[BlackElo "2219"]
[PlyCount "65"]
[EventDate "2025.01.10"]
[EventType "swiss"]
[EventCountry "ESP"]
[SourceTitle "playchess.com"]
[Source "ChessBase"]
[SourceQuality "1"]
[TimeControl "90+30"]

1. d4 Nf6 2. c4 g6 3. Nc3 Bg7 4. e4 d6 5. h3 O-O 6. Be3 e5 7. d5 Na6 8. g4 Nc5 9. f3 a5 10. Qd2 c6 11. Nge2 a4 12. Nc1 cxd5 13. cxd5 Nfd7 14. Nd3 f5 15. gxf5 gxf5 16. O-O-O Kh8 17. Rg1 fxe4 18. fxe4 Nxd3+ 19. Bxd3 Nc5 20. Bxc5 dxc5 21. Kb1 Qh4 22. Bb5 a3 23. Qg2 Bh6 24. Rd3 axb2 25. Rg3 Qd8 26. Rg7 Bf5 27. exf5 Qf6 28. Rg3 Bf4 29. Ne4 Qxf5 30. Ra3 Bh6 31. Rxa8 Rxa8 32. Qg4 Qf7 33. Qe6 1-0

[Event "50th Ciudad Sevilla 2024"]
[Site "Sevilla"]
[Date "2025.01.13"]
[Round "3.5"]
[White "Midoux, Sebastien"]
[Black "Makhnev, Denis"]
[Result "0-1"]
[Annotator "ChessBase"]
[ECO "B06"]
[WhiteElo "2188"]
[BlackElo "2532"]
[PlyCount "90"]
[EventDate "2025.01.10"]
[EventType "swiss"]
[EventCountry "ESP"]
[SourceTitle "playchess.com"]
[Source "ChessBase"]
[SourceQuality "1"]
[TimeControl "90+30"]

1. e4 g6 2. d4 d6 3. Nc3 a6 4. Be3 Bg7 5. g4 b5 6. Bg2 Bb7 7. h4 h6 8. Nce2 Nd7 9. Ng3 c5 10. c3 cxd4 11. cxd4 Nb6 12. b3 e6 13. Rc1 Nd7 14. h5 g5 15. Nh3 Qa5+ 16. Qd2 Qxd2+ 17. Kxd2 Kd8 18. Rc2 Ne7 19. f3 Nc6 20. Ne2 Nb4 21. Rb2 Rc8 22. Nf2 Ke7 23. Nd3 Nxd3 24. Kxd3 Rhd8 25. Rc2 Ne5+ 26. Kd2 Rxc2+ 27. Kxc2 Nc6 28. Kd2 d5 29. e5 f6 30. exf6+ Bxf6 31. Rc1 Rg8 32. Bf2 Kd7 33. Rd1 Nb4 34. Nc3 Rc8 35. Bf1 e5 36. a3 exd4 37. Nb1 Rc2+ 38. Ke1 Nc6 39. Bd3 Rb2 40. Nd2 Be5 41. Rb1 Ra2 42. a4 Bf4 43. Nf1 Ne5 44. Be2 d3 45. Bd1 d4 0-1

[Event "50th Ciudad Sevilla 2024"]
[Site "Sevilla"]
[Date "2025.01.13"]
[Round "3.6"]
[White "Vignesh N R"]
[Black "Eliseev, Sergey"]
[Result "1-0"]
[Annotator "ChessBase"]
[ECO "B53"]
[WhiteElo "2523"]
[BlackElo "2174"]
[PlyCount "65"]
[EventDate "2025.01.10"]
[EventType "swiss"]
[EventCountry "ESP"]
[SourceTitle "playchess.com"]
[Source "ChessBase"]
[SourceQuality "1"]
[TimeControl "90+30"]

1. e4 c5 2. Nf3 d6 3. d4 cxd4 4. Qxd4 Nc6 5. Bb5 Bd7 6. Qd3 g6 7. c4 Bg7 8. O-O Nf6 9. h3 O-O 10. Nc3 a6 11. Bxc6 Bxc6 12. Nd4 Rc8 13. Be3 Nd7 14. Rac1 Ne5 15. Qe2 Bd7 16. b3 Nc6 17. Rfd1 Nxd4 18. Bxd4 Bxd4 19. Rxd4 Be6 20. e5 Qb6 21. Rcd1 dxe5 22. Qxe5 Qc7 23. Qe3 Rfd8 24. Na4 b5 25. Nb6 Rb8 26. c5 a5 27. Qg3 Rxd4 28. Qxc7 Rxd1+ 29. Kh2 Rbd8 30. c6 h5 31. Qxe7 R8d6 32. c7 R6d2 33. Qxe6 1-0

[Event "50th Ciudad Sevilla 2024"]
[Site "Sevilla"]
[Date "2025.01.13"]
[Round "3.7"]
[White "Doraszelski, Alexander"]
[Black "Kvaloy, Aksel Bu"]
[Result "0-1"]
[Annotator "ChessBase"]
[ECO "B92"]
[WhiteElo "2171"]
[BlackElo "2487"]
[PlyCount "66"]
[EventDate "2025.01.10"]
[EventType "swiss"]
[EventCountry "ESP"]
[SourceTitle "playchess.com"]
[Source "ChessBase"]
[SourceQuality "1"]
[TimeControl "90+30"]

1. e4 c5 2. Nf3 d6 3. d4 cxd4 4. Nxd4 Nf6 5. Nc3 a6 6. Be2 e5 7. Nb3 Be7 8. Be3 Be6 9. Nd5 Nbd7 10. Qd3 O-O 11. a4 Bxd5 12. exd5 b6 13. c4 a5 14. g4 Nc5 15. Qc2 Nxb3 16. Qxb3 Nd7 17. h4 Nc5 18. Qc2 Qd7 19. g5 f5 20. gxf6 Bxf6 21. Bxc5 bxc5 22. Qe4 Be7 23. Bd3 g6 24. h5 Rf4 25. Qe2 Bh4 26. O-O-O Rxf2 27. Qe3 Qxa4 28. Rd2 Qa1+ 29. Bb1 Rxd2 30. Qxd2 Rf8 31. hxg6 Rf2 32. gxh7+ Kh8 33. Rg1 Qxb1+ 0-1

[Event "50th Ciudad Sevilla 2024"]
[Site "Sevilla"]
[Date "2025.01.13"]
[Round "3.8"]
[White "Mitusov, Semen"]
[Black "Zhao, Shengxin"]
[Result "1-0"]
[Annotator "ChessBase"]
[ECO "B94"]
[WhiteElo "2463"]
[BlackElo "2158"]
[PlyCount "55"]
[EventDate "2025.01.10"]
[EventType "swiss"]
[EventCountry "ESP"]
[SourceTitle "playchess.com"]
[Source "ChessBase"]
[SourceQuality "1"]
[TimeControl "90+30"]

1. e4 c5 2. Nf3 d6 3. d4 cxd4 4. Nxd4 Nf6 5. Nc3 a6 6. Bg5 Nbd7 7. Qe2 e6 8. f4 Qc7 9. O-O-O Be7 10. g4 h6 11. Bh4 g5 12. fxg5 Nh7 13. Nf5 hxg5 14. Bg3 Ne5 15. Nxe7 Kxe7 16. h4 Bd7 17. Qd2 f6 18. Be2 b5 19. a3 Nf7 20. Rhf1 gxh4 21. Bxh4 Nhg5 22. Bxg5 Nxg5 23. Rxf6 Kxf6 24. e5+ dxe5 25. Rf1+ Ke7 26. Qxg5+ Kd6 27. Rd1+ Kc6 28. Bf3+ 1-0

[Event "50th Ciudad Sevilla 2024"]
[Site "Sevilla"]
[Date "2025.01.13"]
[Round "3.9"]
[White "Rodriguez Garcia, Manuel Francisco"]
[Black "Urazayev, Arystanbek"]
[Result "0-1"]
[Annotator "ChessBase"]
[ECO "A16"]
[WhiteElo "2136"]
[BlackElo "2448"]
[PlyCount "68"]
[EventDate "2025.01.10"]
[EventType "swiss"]
[EventCountry "ESP"]
[SourceTitle "playchess.com"]
[Source "ChessBase"]
[SourceQuality "1"]
[TimeControl "90+30"]

1. c4 Nf6 2. Nc3 g6 3. g3 Bg7 4. Bg2 O-O 5. d3 d6 6. e4 c5 7. Nge2 Nc6 8. O-O Ne8 9. Be3 Nc7 10. d4 cxd4 11. Nxd4 Ne6 12. Nde2 Nc5 13. h3 a5 14. f4 a4 15. Qd2 Na5 16. Bxc5 dxc5 17. Qxd8 Rxd8 18. Rad1 Be6 19. Nxa4 Bxc4 20. Bf3 Bd4+ 21. Kg2 Bxa2 22. Nxd4 cxd4 23. Nb6 Ra6 24. b4 Nc6 25. Nd5 Bc4 26. Rf2 b5 27. Rfd2 Kg7 28. f5 gxf5 29. Nf4 fxe4 30. Bxe4 e5 31. Nh5+ Kf8 32. Rf2 Nxb4 33. Nf6 Ke7 34. Nxh7 Nd5 0-1